 Dungeon Crawl Stone Soup version 0.24.0-123-gd5b16e6ec5 (webtiles) character file.

Game seed: 14156673175968759838, levelgen mode: deterministic

42 Amplified the Firebug (level 3, 0/28 HPs)
             Began as a Demigod Fire Elementalist on Jan 9, 2020.
             Succumbed to an adder's poison
             ... on level 3 of the Dungeon.
             The game lasted 00:02:19 (1114 turns).

Amplified the Firebug (Demigod Fire Elementalist)   Turns: 1114, Time: 00:02:20

Health: 0/28       AC:  4    Str: 13    XL:     3   Next: 19%
Magic:  1/8        EV: 13    Int: 19    God:
Gold:   94         SH:  0    Dex: 16    Spells: 5/6 levels left

rFire    + . .     SeeInvis .   h - +1 dagger (speed)
rCold    . . .     Gourm    .   (no shield)
rNeg     . . .     Faith    .   a - +0 robe
rPois    .         Spirit   .   (no helmet)
rElec    .         Reflect  .   (no cloak)
rCorr    .         Harm     .   b - +1 pair of gloves
MR       .....                  (no boots)
Stlth    ++........             (no amulet)
HPRegen  0.09/turn              d - ring of fire
MPRegen  0.11/turn              i - ring of protection from cold

@: lethally poisoned (0 -> -17), very slightly contaminated
A: high mp 1
a: no special abilities


You were on level 3 of the Dungeon.
You were not hungry.

You visited 1 branch of the dungeon, and saw 3 of its levels.

You collected 94 gold pieces.

Inventory:

Hand Weapons
 f - a +0 spear
 g - a +5 dagger
 h - a +1 dagger of speed (weapon)
Missiles
 e - 13 poisoned darts (quivered)
Armour
 a - a +0 robe (worn)
 b - a +1 pair of gloves (worn)
Jewellery
 d - a ring of fire (left hand)
 i - a ring of protection from cold (right hand)
Potions
 j - a potion of flight
Comestibles
 c - 10 rations


   Skills:
 * Level 1.3 Fighting
 * Level 1.2 Short Blades
 - Level 0.6 Armour
 - Level 2.0 Dodging
 - Level 1.7 Stealth
 * Level 2.1 Spellcasting
 - Level 0.8 Conjurations
 - Level 2.6 Fire Magic


You had 5 spell levels left.
You knew the following spells:

 Your Spells              Type           Power        Failure   Level  Hunger
a - Flame Tongue          Conj/Fire      ##...        9%          1    #......

Your spell library contained the following spells:

 Spells                   Type           Power        Failure   Level  Hunger
 Throw Flame              Conj/Fire      ##....       12%         2    ##.....
 Conjure Flame            Conj/Fire      ##......     24%         3    ###....
 Inner Flame              Hex/Fire       ##......     28%         3    ###....
 Sticky Flame             Conj/Fire      ##......     63%         4    #####..
 Fireball                 Conj/Fire      ##........   92%         5    ######.


Dungeon Overview and Level Annotations

Branches:
Dungeon (3/15)


Innate Abilities, Weirdness & Mutations

You have an increased reservoir of magic. (+10% MP)


Message History

* * * LOW HITPOINT WARNING * * *
You are more poisoned.
The adder poisons you!
You closely miss the adder.
The adder is almost dead.
* * * LOW HITPOINT WARNING * * *
You feel sick. The adder closely misses you.
You hit the adder but do no damage.
The adder is almost dead.
The adder bites you but does no damage.
Unknown command.
Unknown command.
You hit the adder.
You kill the adder!
* * * LOW HITPOINT WARNING * * *
You feel sick.
Unknown command.
You hit the orc.
The orc is severely wounded.
You die...

.........#.#.#
...........#.#
...........#.#
##########.#.#
.......o..#
#######o#o#
#..o# #####o#
#..@o<#
#.##### #


You could see 2 orcs.

Vanquished Creatures
  2 adders
  A leopard gecko (D:2)
  A giant cockroach (D:2)
  7 goblins
  A hobgoblin (D:2)
  A quokka (D:2)
  3 bats (D:2)
  A frilled lizard (D:2)
  4 kobolds
  3 rats
24 creatures vanquished.

Notes
Turn   | Place    | Note
-------+----------+-------------------------------------------
     0 | D:1      | Amplified the Demigod Fire Elementalist began the quest for
                  | the Orb.
     0 | D:1      | Reached XP level 1. HP: 14/14 MP: 5/5
   675 | D:2      | Reached XP level 2. HP: 21/22 MP: 0/7
   852 | D:2      | Reached skill level 1 in Fighting
   852 | D:2      | Reached skill level 1 in Short Blades
  1005 | D:2      | Found an ancient bone altar of Kikubaaqudgha.
  1005 | D:2      | Found a hazy altar of Hepliaklqana.
  1082 | D:3      | Reached XP level 3. HP: 28/28 MP: 4/8
  1113 | D:3      | HP: 1/28 [poisoned by an adder]
  1114 | D:3      | Succumbed to an adder's poison

Levels and vault maps discovered:
D:1:      nagdon_arrival_zigzag_paths, layout_loops_ring, chequers_jeans
D:2:      layout_rooms, gammafunk_temple_overflow_wave
D:3:      layout_basic, first_ration, gup_sewer_entry_glass, uniq_grinder

Skill      XL: |  1  2 |
---------------+-------+-----
Dodging        | 2 |  2.0
Fighting       | 1 |  1.3
Short Blades   | 1 |  1.2
Spellcasting   | 2 |  2.1
Armour         | |  0.6
Stealth        | |  1.7
Conjurations   | |  0.8
Fire Magic     | |  2.6

Action                   || total
-------------------------++-------
Melee: Dagger            ||    26
Throw: Dart              ||     1
 Cast: Flame Tongue      ||    31
  Use: Scroll            ||     4
       Potion            ||     3
  Eat: Chunk             ||     1
Armor: Robe              ||    11
Dodge: Dodged            ||    32
